 Dungeon Crawl Stone Soup version 0.31-a0-1469-gd420192249 (webtiles) character file.

Game seed: 15634004056872158079

1456 BigPumpCobain the Spear-Bearer (level 8, 0/64 (71) HPs)
             Began as a Minotaur Fighter on Dec 29, 2023.
             Was an Initiate of Trog.
             Killed by divine providence
             ... invoked by Jeremiah
              (10 damage)
             ... on level 6 of the Dungeon.
             The game lasted 00:05:42 (4020 turns).

BigPumpCobain the Spear-Bearer (Minotaur Fighter)   Turns: 4020, Time: 00:05:43

HP:   0/64 (71)     AC: 12    Str: 24    XL:     8   Next: 47%
MP:   7/7           EV: 10    Int:  5    God:    Trog [......]
Gold: 202           SH:  5    Dex:  9    Spells: 7/7 levels left

rFire   . . .        a - +0 trident (spect)
rCold   . . .        c - +0 buckler
rNeg    + . .        s - +2 ring mail {Will+}
rPois   .            (helmet restricted)
rElec   .            v - +0 cloak
rCorr   .            n - +0 pair of gloves
SInv    .            l - +0 pair of boots
Will    +....        (no amulet) Stlth
                     g - ring of positive energy
HPRegen 0.30/turn    (no ring)
MPRegen 0.10/turn

%: no passive effects
@: drained
A: horns 2, retaliatory headbutt
a: Renounce Religion


You were on level 6 of the Dungeon.
You worshipped Trog.
Trog was noncommittal.
You visited 2 branches of the dungeon, and saw 7 of its levels.

You collected 202 gold pieces.

Inventory:

Hand Weapons
 a - a +0 spectral trident (weapon)
Armour
 c - a +0 buckler (worn)
 l - a +0 pair of boots (worn)
 n - a +0 pair of gloves (worn)
 s - a +2 ring mail of willpower (worn)
 v - a +0 cloak (worn)
Jewellery
 g - a ring of positive energy (left hand)
 m - a ring of see invisible
Wands
 d - a wand of roots (12)
Scrolls
 e - a scroll of enchant armour {unknown}
 f - a scroll of fear
 i - a scroll of poison
 j - a scroll of torment
 r - a scroll of revelation {unknown}
 t - a scroll of acquirement {unknown}
 u - a scroll of teleportation {unknown}
Potions
 b - 2 potions of degeneration {unknown}
 h - a potion of cancellation
 k - 2 potions of curing {unknown}
 o - a potion of enlightenment {unknown}
 p - 2 potions of haste {unknown}
 q - a potion of resistance {unknown}


   Skills:
 + Level 6.6 Fighting
 * Level 8.3 Polearms
 + Level 6.6 Armour
 + Level 6.8 Shields


You had 7 spell levels left.
You didn't know any spells.
Your spell library contained the following spells:

 Spells                   Type           Power      Damage    Failure   Level
 Magic Dart               Conj           0%         1d3       67%         1
 Shock                    Conj/Air       0%         1d3       67%         1
 Searing Ray              Conj           0%         2d4       80%         2
 Swiftness                Air            0%         N/A       95%         3
 Airstrike                Air            0%         2d(0-16)  100%        4
 Fulminant Prism          Conj/Alch      0%         3d5       100%        4
 Malign Gateway           Summ/Tloc      0%         N/A       100%        7
 Summon Horrible Things   Summ           0%         N/A       100%        8


Dungeon Overview and Level Annotations

Branches:
Dungeon (6/15)             Temple (1/1) D:5

Altars:
Ashenzari
Elyvilon
Fedhas
Hepliaklqana
Okawaru
Sif Muna
Trog
Uskayaw
Vehumet
Yredelemnul

Shops:
D:3 (

Annotations:
D:6 Jeremiah


Innate Abilities, Weirdness & Mutations

You have a pair of horns on your head.
You reflexively headbutt those who attack you in melee.


Message History

Press: ? - help, Dir - move target, f/p - Jeremiah
Aim: Jeremiah, wielding a +2 trident of draining, wearing a +0 robe, wearing an orb of mayhem and carrying a wand of light (almost dead, about 45% to evade your +0 spectral trident)
You reach to attack!
You barely miss Jeremiah.
Jeremiah is almost dead.
Jeremiah barely misses you.
Reach: a) +0 trident (spect)
Press: ? - help, Dir - move target, f/p - Jeremiah
Aim: Jeremiah, wielding a +2 trident of draining, wearing a +0 robe, wearing an orb of mayhem and carrying a wand of light (almost dead, about 45% to evade your +0 spectral trident)
The butterfly is in the way.
You miss the butterfly.
Your +0 spectral trident misses the butterfly.
You block Jeremiah's attack.
Reach: a) +0 trident (spect)
Press: ? - help, Dir - move target, f/p - Jeremiah
Aim: Jeremiah, wielding a +2 trident of draining, wearing a +0 robe, wearing an orb of mayhem and carrying a wand of light (almost dead, about 45% to evade your +0 spectral trident)
The butterfly is in the way.
You closely miss the butterfly. Your headbutt misses the butterfly.
Your +0 spectral trident closely misses the butterfly.
The butterfly disappears in a burst of colours!
Jeremiah misses you.
Reach: a) +0 trident (spect)
Press: ? - help, Dir - move target, f/p - Jeremiah
Aim: Jeremiah, wielding a +2 trident of draining, wearing a +0 robe, wearing an orb of mayhem and carrying a wand of light (almost dead, about 45% to evade your +0 spectral trident)
The butterfly is in the way.
You miss the butterfly. Your headbutt misses the butterfly.
Your +0 spectral trident barely misses the butterfly.
Jeremiah hops!
You swap places.
Your +0 spectral trident disappears.
You start resting.
The butterfly disappears in a burst of colours!
You start resting.
Jeremiah is nearby!
Jeremiah is nearby!
Reach: a) +0 trident (spect)
Press: ? - help, Dir - move target, f - you, p - Jeremiah
Okay, then.
Jeremiah lets out a twisted cry.
Something smites you!
You die...
Jeremiah asks, "What happened?
Did... did you die?"

###..###..#..###...###
#b.......###.....### ##
#.#..............#
#.F.###b##...#.#.####.##
..b°b...b...##.#.# #.#
...###F######.#.####.#
#.# #.#......#
#F######.########
#bb..@...# ##########


You could see Jeremiah.

Vanquished Creatures
  Pikel (D:4)
  A black bear (D:6)
  2 ogres (D:5)
  A centaur (D:6)
  A phantom (D:6)
  A lemure (D:4)
  A scorpion (D:5)
  An orc priest (D:4)
  A bombardier beetle (D:4)
  A hound (D:3)
  A jelly (D:6)
  2 iguanas
  Ijyb (D:3)
  Natasha (thrice) (D:2)
  2 hound zombies (D:3)
  Robin (D:2)
  7 adders
  A shadow imp (D:6)
  A white imp (D:6)
  3 worms
  A dart slug (D:1)
  8 orcs
  16 bats
  10 endoplasms
  11 goblins
  10 hobgoblins
  9 jackals
  5 kobolds
  6 quokkas
  9 ball pythons
  10 frilled lizards
  A quokka zombie (D:3)
  6 rats
135 creatures vanquished.

Notes
Turn   | Place    | Note
-------+----------+-------------------------------------------
     0 | D:1      | BigPumpCobain the Minotaur Fighter began the quest for the
                  | Orb.
     0 | D:1      | Reached XP level 1. HP: 19/19 MP: 0/0
    17 | D:1      | Reached XP level 2. HP: 20/27 MP: 1/1
    23 | D:1      | Reached skill level 3 in Polearms
    94 | D:1      | Reached XP level 3. HP: 33/33 MP: 2/2
   569 | D:2      | Noticed Robin
   582 | D:2      | Killed Robin
   583 | D:2      | Reached XP level 4. HP: 33/40 MP: 3/3
   681 | D:2      | Reached skill level 4 in Polearms
   725 | D:2      | Noticed Natasha
   733 | D:2      | Killed Natasha
   742 | D:2      | Noticed Natasha
   748 | D:2      | Killed Natasha
   749 | D:2      | Reached XP level 5. HP: 22/47 MP: 4/4
   929 | D:2      | Noticed Natasha
   932 | D:2      | Killed Natasha
  1126 | D:3      | Found Caompih's Antique Weapon Boutique.
  1214 | D:3      | Noticed Ijyb
  1219 | D:3      | Reached skill level 5 in Polearms
  1225 | D:3      | Killed Ijyb
  1226 | D:3      | Reached XP level 6. HP: 10/55 MP: 5/5
  1228 | D:3      | Reached skill level 5 in Shields
  1608 | D:3      | Reached skill level 5 in Armour
  1624 | D:3      | Found a basalt altar of Yredelemnul.
  1634 | D:3      | Reached skill level 5 in Fighting
  1923 | D:4      | Noticed Pikel
  1944 | D:4      | Killed Pikel
  1945 | D:4      | Reached skill level 7 in Polearms
  1945 | D:4      | Reached XP level 7. HP: 18/62 MP: 6/6
  2719 | D:5      | Entered Level 5 of the Dungeon
  2921 | D:5      | Found a broken altar of Ashenzari.
  2983 | D:5      | Found a staircase to the Ecumenical Temple.
  2994 | D:5      | Reached XP level 8. HP: 70/70 MP: 7/7
  3001 | Temple   | Entered the Ecumenical Temple
  3010 | Temple   | Became a worshipper of Trog the Wrathful
  3764 | D:6      | Reached skill level 8 in Polearms
  3980 | D:6      | Noticed Jeremiah
  4020 | D:6      | Killed from afar by Jeremiah

Illustrated notes

Levels and vault maps discovered:
D:1:      roderic_crop_circles_arrival_small, layout_rooms, grunt_decor_clamped
D:2:      layout_loops_ring, kennysheep_flooded_box, minmay_lizard_pond,
          uniq_natasha, uniq_robin
D:3:      layout_rooms, nicolae_yredelemnul_corpse_copse, serial_shops,
          nicolae_shop_gibbet_a_chance, uniq_ijyb
D:4:      layout_basic, serial_forest, infiniplex_forest_clump_double,
          infiniplex_forest_straight_4, infiniplex_forest_pool,
          infiniplex_forest_clump_small, infiniplex_forest_straight_2,
          infiniplex_forest_join, infiniplex_forest_straight_4,
          infiniplex_forest_lined_room_2, uniq_pikel
D:5:      layout_cave_pods, kennysheep_mini_moat, minmay_temple_entry_glass
D:6:      layout_loops_corners, tgw_xom, nemelex_spade_bored_becter,
          mainiacjoe_overflow_alcove_4, minmay_misc_feat_rugged, uniq_jeremiah
Temple:   nicolae_temple_two_arcs

Skill      XL: |  1  2  3  4  5  6  7  8 |
---------------+-------------------------+-----
Polearms       | 3 4 5 7 8 |  8.3
Shields        | 4 6 |  6.8
Armour         | 4 5 6 |  6.6
Fighting       | 4 5 6 |  6.6

Action                     |  1- 3 |  4- 6 |  7- 9 || total
---------------------------+-------+-------+-------++-------
  Melee: Trident           |    89 |   157 |    72 ||   318
         Headbutt          |     8 |    13 |     9 ||    30
    Use: Scroll            |     4 |     3 |       ||     7
         Potion            |       |     1 |       ||     1
 Armour: Scale mail        |    44 |    71 |       ||   115
         Ring mail         |       |       |    20 ||    20
  Dodge: Dodged            |    32 |    35 |    12 ||    79
  Block: Buckler           |    16 |    25 |     5 ||    46

Table legend: (Time is in decaauts)
 A = Elapsed time spent in this place.
 B = Non-inter-level travel time spent in this place.
 C = Inter-level travel time spent in this place.
 D = Time resting spent in this place.
 E = Time spent auto-exploring this place.
 F = Levels seen in this place.
 G = Mean time per level.
                   A        B        C        D        E       F      G
               +--------+--------+--------+--------+--------+-----+--------+
         Total |   4046 |   3845 |    201 |      8 |   3160 |   7 |  578.0 |
       Dungeon |   4027 |   3844 |    183 |      8 |   3160 |   6 |  671.2 |
        Temple |     18 |      1 |     17 |      0 |      0 |   1 |   18.0 |
               +--------+--------+--------+--------+--------+-----+--------+

Top non-repeatable levels by time:
     D:5: 957 daAuts
     D:4: 906 daAuts
     D:2: 718 daAuts
     D:3: 693 daAuts
     D:1: 429 daAuts
     D:6: 322 daAuts
  Temple: 18 daAuts
